Jets vs Flames

Created - 20 mars 2019 at 20:18

Goals
1 2 3 T
Jets 1 2 1 4
Flames 1 1 0 2
Shots
1 2 3 T
Jets 11 10 9 30
Flames 7 12 17 36

1st period

1. Jets , Cam Atkinson 24 (Jake Muzzin 35, Patrice Bergeron 27) at 5:22
2. Flames , Viktor Arvidsson 15 (Alec Martinez 15, James van Riemsdyk 10) at 14:26

Penalties :
Jason Garrison (CGY) for Hooking (Minor) at 0:43, Mike Smith (CGY) for Delaying the game (Minor) at 16:17 - Jason Demers served the penalty.

2nd period

3. Jets , Tomas Tatar 7 (Luca Sbisa 10, Carl Soderberg 21) at 6:01
4. Jets , Derek MacKenzie 1 (Niklas Kronwall 18) at 10:55
5. Flames , Jared Spurgeon 9 (Evgeni Malkin 29) at 16:20 (PP)

Penalties :
Jay Bouwmeester (WPG) for Roughing (Minor) at 7:29, Cam Atkinson (WPG) for Hooking (Minor) at 15:12, Gabriel Bourque (CGY) for Roughing (Minor) at 16:46

3rd period

6. Jets , Mika Zibanejad 33 (Jake Muzzin 36) at 0:34

Penalties :
James van Riemsdyk (CGY) for Goalie Interference (Minor) at 7:14

Goalie Stats

Keith Kinkaid (WPG), 34 saves from 36 shots - (0.944), W, 6-2-1, 60:00 minutes
Mike Smith (CGY), 26 saves from 30 shots - (0.867), L, 8-8-0, 60:00 minutes

Players Stats for Jets

Player Name              G  A  P  +/- PIM S  H  SB GA TA FO     MP     PP MP  PK MP  
------------------------------------------------------------------------------------
Brendan Guhle            0  0  0   0  0   1  0  1  0  0  0/0    19:25   3:36   0:22 
Bryan Rust               0  0  0   1  0   1  1  0  0  0  0/2    20:42   4:04   1:32 
Cam Atkinson             1  0  1   0  2   4  1  0  0  0  0/1    19:52   3:52   0:00 
Carl Soderberg           0  1  1   1  0   0  0  0  0  0  5/14   13:58   0:00   2:27 
Carter Rowney            0  0  0   1  0   1  1  0  0  0  1/1     7:10   0:00   0:51 
Derek MacKenzie          1  0  1   1  0   1  0  0  0  0  5/11    7:43   0:00   1:24 
Erik Gustafsson          0  0  0   2  0   0  2  0  0  0  0/0    20:29   3:36   0:22 
Jake Guentzel            0  0  0   1  0   2  0  0  0  0  2/2    19:10   4:04   0:00 
Jake Muzzin              0  2  2   1  0   1  2  1  0  0  0/0    23:41   4:20   1:30 
Jay Bouwmeester          0  0  0   1  2   1  4  5  0  0  0/0    17:34   0:00   0:36 
Jeff Skinner             0  0  0   0  0   2  0  0  0  0  0/1    20:32   3:52   0:00 
Josh Anderson            0  0  0   1  0   0  1  0  0  0  0/0    11:31   0:00   0:00 
Luca Sbisa               0  1  1   1  0   0  2  3  0  0  0/0    15:47   0:00   1:40 
Mika Zibanejad           1  0  1   1  0   6  1  0  0  0  17/25  19:10   4:04   0:00 
Niklas Kronwall          0  1  1   1  0   2  5  1  0  0  0/0    23:03   4:20   1:44 
Ondrej Kase              0  0  0   0  0   0  0  0  0  0  0/0     0:00   0:00   0:00 
Patrice Bergeron         0  1  1   0  0   6  3  0  0  0  12/26  19:53   3:52   0:00 
Tomas Tatar              1  0  1   2  0   2  1  0  0  0  0/1    17:11   0:00   0:00 

Players Stats for Flames

Player Name              G  A  P  +/- PIM S  H  SB GA TA FO     MP     PP MP  PK MP  
------------------------------------------------------------------------------------
Alec Martinez            0  1  1  -2  0   0  2  2  0  0  0/0    22:00   1:44   4:17 
Artem Anisimov           0  0  0   0  0   1  0  0  0  0  8/17   14:49   0:00   3:01 
Brandon Sutter           0  0  0  -1  0   2  0  1  0  0  13/19  20:06   1:44   4:03 
Conor Sheary             0  0  0   0  0   3  0  0  0  0  1/2    11:48   0:00   0:00 
Daniel Carr              0  0  0  -2  0   1  0  0  0  0  0/0     6:48   0:00   0:00 
David Kampf              0  0  0  -1  0   3  0  0  0  0  0/2    16:03   1:44   0:00 
Evgeni Malkin            0  1  1   0  0   5  5  0  0  0  15/26  21:35   1:23   4:10 
Gabriel Bourque          0  0  0   0  2   2  1  0  0  0  0/1    12:05   0:00   0:18 
James van Riemsdyk       0  1  1   0  2   4  0  0  0  0  1/3    17:24   1:23   0:00 
Jared Spurgeon           1  0  1  -1  0   4  0  1  0  0  0/0    24:08   1:23   3:40 
Jason Demers             0  0  0  -2  0   2  0  2  0  0  0/0    20:40   1:44   2:57 
Jason Garrison           0  0  0   0  2   1  1  0  0  0  0/0    15:00   0:00   1:08 
Jordan Martinook         0  0  0  -1  0   1  3  0  0  0  1/2    16:03   1:44   0:00 
Justin Faulk             0  0  0  -1  0   1  3  1  0  0  0/0    24:01   1:23   3:33 
Marc Staal               0  0  0   0  0   1  2  0  0  0  0/0    14:10   0:00   0:17 
Matthew Peca             0  0  0  -2  0   1  1  0  0  0  2/4     6:48   0:00   0:00 
Nick Ritchie             0  0  0  -2  0   1  1  0  0  0  0/4     8:07   0:00   1:19 
Viktor Arvidsson         1  0  1   0  0   3  2  0  0  0  1/4    20:26   1:23   3:01 

3 Stars

1 - Tomas Tatar (WPG)
2 - Jake Muzzin (WPG)
3 - Niklas Kronwall (WPG)

Power Play

Jets - 0 on 4 Attempt(s) - 0.00%
Flames - 1 on 2 Attempt(s) - 50.00%

Penalty Kill

Jets - 1 on 2 Attempt(s) - 50.00% - Score 0 goal in Penalty Kill
Flames - 4 on 4 Attempt(s) - 100.00% - Score 0 goal in Penalty Kill

Team Stat

Jets - Hits : 24 - Faceoff Wins : 42 - Blocked Shots : 11 - Penalty Minutes : 4
Flames - Hits : 21 - Faceoff Wins : 42 - Blocked Shots : 7 - Penalty Minutes : 8

Official

Referees : Tom Chmielewski and Francis Charron
Linesman : Steve Barton and Ryan Galloway

Game Notes

No Game Note

Finance

Level 1 -- Attendance: 6335 (97.46%) -- Ticket Income 633 500 $
Level 2 -- Attendance: 4950 (99.00%) -- Ticket Income 272 250 $
Level 3 -- Attendance: 3498 (99.94%) -- Ticket Income 139 920 $
Level 4 -- Attendance: 2782 (84.58%) -- Ticket Income 55 640 $
Luxury Box -- Attendance: 1000 (100.00%) -- Ticket Income 125 000 $
Game was played at the Scotiabank Saddledome.
Total Attendance: 18565 (96.25%)
Total Ticket Income: 1 226 310 $
Other Income: 600 892 $
Total Income: 1 827 202 $

% Time on Ice - Jets

Lines # - Real PCT - Wanted PCT - Time Play
Normal Forward
1 - 33% - 40% - 16:01
2 - 31% - 30% - 15:06
3 - 24% - 20% - 11:31
4 - 13% - 10% - 6:19
Normal Defense
1 - 32% - 40% - 15:27
2 - 35% - 30% - 16:59
3 - 29% - 20% - 14:07
4 - 5% - 10% - 2:24
PP Forward
1 - 49% - 60% - 3:52
2 - 51% - 40% - 4:04
PP Defense
1 - 55% - 60% - 4:20
2 - 45% - 40% - 3:36
PK Forward
1 - 93% - 60% - 2:53
2 - 7% - 40% - 0:14
PK Defense
1 - 75% - 70% - 2:21
2 - 25% - 30% - 0:46
PK3 Forward
1 - 0% - 60%
2 - 0% - 40%
PK3 Defense
1 - 0% - 60%
2 - 0% - 40%
44 Forward
1 - 0% - 60%
2 - 0% - 40%
44 Defense
1 - 0% - 60%
2 - 0% - 40%
Last Minute Offensive  - 0:00
Last Minute Defensive  - 0:00
Total
Forward - 60:00
Defense - 60:00

% Time on Ice - Flames

Lines # - Real PCT - Wanted PCT - Time Play
Normal Forward
1 - 33% - 40% - 16:02
2 - 29% - 30% - 14:19
3 - 24% - 20% - 11:48
4 - 14% - 10% - 6:48
Normal Defense
1 - 36% - 40% - 17:33
2 - 33% - 30% - 15:59
3 - 28% - 20% - 13:53
4 - 3% - 10% - 1:32
PP Forward
1 - 44% - 60% - 1:23
2 - 56% - 40% - 1:44
PP Defense
1 - 44% - 60% - 1:23
2 - 56% - 40% - 1:44
PK Forward
1 - 62% - 60% - 4:55
2 - 38% - 40% - 3:01
PK Defense
1 - 41% - 60% - 3:16
2 - 59% - 40% - 4:40
PK3 Forward
1 - 0% - 60%
2 - 0% - 40%
PK3 Defense
1 - 0% - 60%
2 - 0% - 40%
44 Forward
1 - 0% - 60%
2 - 0% - 40%
44 Defense
1 - 0% - 60%
2 - 0% - 40%
Last Minute Offensive  - 0:00
Last Minute Defensive  - 0:00
Total
Forward - 60:00
Defense - 60:00

Play-by-Play

1st period


0:01 of 1st period - Patrice Bergeron wins face-off versus Evgeni Malkin in neutral zone.
0:12 of 1st period - Shot by Cam Atkinson.
0:12 of 1st period - Deflect By Patrice Bergeron.
0:12 of 1st period - Stopped by Mike Smith without a rebound.
0:13 of 1st period - Brandon Sutter wins face-off versus Mika Zibanejad in Flames zone.
0:23 of 1st period - Shot by Jordan Martinook.
0:23 of 1st period - Shot Blocked by Jay Bouwmeester.
0:30 of 1st period - Icing by Niklas Kronwall.
0:31 of 1st period - Mika Zibanejad wins face-off versus Gabriel Bourque in Jets zone.
0:31 of 1st period - Mika Zibanejad is hit by Gabriel Bourque.
0:43 of 1st period - Minor Penalty to Jason Garrison for Hooking.
0:44 of 1st period - Evgeni Malkin wins face-off versus Patrice Bergeron in Flames zone.
0:44 of 1st period - Justin Faulk is hit by Cam Atkinson and loses puck.
1:14 of 1st period - Shot by Erik Gustafsson.
1:14 of 1st period - Shot Misses the Net.
1:29 of 1st period - Off-side.
1:30 of 1st period - Mika Zibanejad wins face-off versus Evgeni Malkin in neutral zone.
1:33 of 1st period - Shot by Niklas Kronwall.
1:33 of 1st period - Shot Misses the Net.
1:35 of 1st period - Shot by Bryan Rust.
1:35 of 1st period - Shot Misses the Net.
1:37 of 1st period - Shot by Niklas Kronwall.
1:37 of 1st period - Shot Misses the Net.
1:39 of 1st period - Shot by Jake Guentzel.
1:39 of 1st period - Stopped by Mike Smith without a rebound.
1:40 of 1st period - Mika Zibanejad wins face-off versus Viktor Arvidsson in Flames zone.
1:40 of 1st period - Mika Zibanejad is hit by Justin Faulk.
2:28 of 1st period - Shot by Evgeni Malkin.
2:28 of 1st period - Stopped by Keith Kinkaid with a rebound.
2:35 of 1st period - Niklas Kronwall is hit by Evgeni Malkin and loses puck.
3:00 of 1st period - Matthew Peca is hit by Luca Sbisa and loses puck.
3:11 of 1st period - Shot by Daniel Carr.
3:11 of 1st period - Deflect By Matthew Peca.
3:11 of 1st period - Stopped by Keith Kinkaid without a rebound.
3:12 of 1st period - Artem Anisimov wins face-off versus Carl Soderberg in Jets zone.
3:12 of 1st period - Artem Anisimov is hit by Jake Muzzin.
3:32 of 1st period - Shot by Conor Sheary.
3:32 of 1st period - Shot Misses the Net.
3:34 of 1st period - Shot by Justin Faulk.
3:34 of 1st period - Shot Misses the Net.
3:36 of 1st period - Shot by Jared Spurgeon.
3:36 of 1st period - Stopped by Keith Kinkaid without a rebound.
3:37 of 1st period - Evgeni Malkin wins face-off versus Patrice Bergeron in Jets zone.
3:49 of 1st period - Shot by James van Riemsdyk.
3:49 of 1st period - Shot Misses the Net.
3:51 of 1st period - Shot by Evgeni Malkin.
3:51 of 1st period - Shot Misses the Net.
3:53 of 1st period - Shot by Alec Martinez.
3:53 of 1st period - Shot Misses the Net.
3:55 of 1st period - Shot by Evgeni Malkin.
3:55 of 1st period - Stopped by Keith Kinkaid without a rebound.
3:56 of 1st period - Brandon Sutter wins face-off versus Derek MacKenzie in Jets zone.
4:03 of 1st period - Shot by Justin Faulk.
4:03 of 1st period - Shot Blocked by Jay Bouwmeester.
4:56 of 1st period - Shot by Jake Guentzel.
4:56 of 1st period - Stopped by Mike Smith without a rebound.
4:57 of 1st period - Evgeni Malkin wins face-off versus Patrice Bergeron in Flames zone.
5:18 of 1st period - Shot by Jake Muzzin.
5:18 of 1st period - Stopped by Mike Smith with a rebound.
5:20 of 1st period - Shot by Jake Muzzin.
5:20 of 1st period - Shot Blocked by Jason Demers.
5:22 of 1st period - Shot by Cam Atkinson.
5:22 of 1st period - Goal by Cam Atkinson - Jets : 1 - Flames : 0.
5:23 of 1st period - Mika Zibanejad wins face-off versus Artem Anisimov in neutral zone.
5:30 of 1st period - Shot by Mika Zibanejad.
5:30 of 1st period - Shot Misses the Net.
6:53 of 1st period - Jake Muzzin is hit by Evgeni Malkin and loses puck.
7:57 of 1st period - Matthew Peca is hit by Niklas Kronwall and loses puck.
8:03 of 1st period - Carl Soderberg is hit by Marc Staal and loses puck.
8:06 of 1st period - Shot by Carl Soderberg.
8:06 of 1st period - Shot Misses the Net.
8:19 of 1st period - Shot by Josh Anderson.
8:19 of 1st period - Deflect By Tomas Tatar.
8:19 of 1st period - Stopped by Mike Smith without a rebound.
8:20 of 1st period - Conor Sheary wins face-off versus Mika Zibanejad in Flames zone.
9:20 of 1st period - Icing by Niklas Kronwall.
9:21 of 1st period - Brandon Sutter wins face-off versus Carl Soderberg in Jets zone.
9:35 of 1st period - Jordan Martinook is hit by Niklas Kronwall and loses puck.
9:38 of 1st period - Shot by Brandon Sutter.
9:38 of 1st period - Stopped by Keith Kinkaid without a rebound.
9:39 of 1st period - Derek MacKenzie wins face-off versus Viktor Arvidsson in Jets zone.
10:39 of 1st period - Shot by Niklas Kronwall.
10:39 of 1st period - Stopped by Mike Smith without a rebound.
10:40 of 1st period - Mika Zibanejad wins face-off versus Conor Sheary in Flames zone.
10:40 of 1st period - Mika Zibanejad is hit by Jason Garrison.
10:46 of 1st period - Shot by Mika Zibanejad.
10:46 of 1st period - Shot Misses the Net.
10:51 of 1st period - Jake Guentzel is hit by Marc Staal and loses puck.
11:11 of 1st period - Icing by Erik Gustafsson.
11:12 of 1st period - Mika Zibanejad wins face-off versus Brandon Sutter in Jets zone.
11:38 of 1st period - Icing by David Kampf.
11:39 of 1st period - Jordan Martinook wins face-off versus Cam Atkinson in Flames zone.
12:50 of 1st period - Off-side.
12:51 of 1st period - Jake Guentzel wins face-off versus Nick Ritchie in neutral zone.
12:56 of 1st period - Icing by Matthew Peca.
12:57 of 1st period - Mika Zibanejad wins face-off versus Nick Ritchie in Flames zone.
13:04 of 1st period - Shot by Mika Zibanejad.
13:04 of 1st period - Stopped by Mike Smith without a rebound.
13:05 of 1st period - Artem Anisimov wins face-off versus Carl Soderberg in Flames zone.
13:37 of 1st period - Icing by Jared Spurgeon.
13:38 of 1st period - Artem Anisimov wins face-off versus Patrice Bergeron in Flames zone.
14:06 of 1st period - Patrice Bergeron is hit by Alec Martinez and loses puck.
14:13 of 1st period - Jake Muzzin is hit by Evgeni Malkin and loses puck.
14:22 of 1st period - Shot by Viktor Arvidsson.
14:22 of 1st period - Shot Misses the Net.
14:24 of 1st period - Shot by Alec Martinez.
14:24 of 1st period - Shot Misses the Net.
14:26 of 1st period - Shot by Viktor Arvidsson.
14:26 of 1st period - Goal by Viktor Arvidsson - Jets : 1 - Flames : 1.
14:27 of 1st period - Carl Soderberg wins face-off versus Brandon Sutter in neutral zone.
14:35 of 1st period - Brandon Sutter is hit by Josh Anderson.
14:49 of 1st period - Shot by David Kampf.
14:49 of 1st period - Stopped by Keith Kinkaid without a rebound.
14:50 of 1st period - Matthew Peca wins face-off versus Mika Zibanejad in Jets zone.
15:00 of 1st period - Icing by Mika Zibanejad.
15:01 of 1st period - Mika Zibanejad wins face-off versus James van Riemsdyk in Jets zone.
15:31 of 1st period - Shot by Erik Gustafsson.
15:31 of 1st period - Shot Blocked by Jared Spurgeon.
16:17 of 1st period - Shot by Jeff Skinner.
16:17 of 1st period - Deflect By Patrice Bergeron.
16:17 of 1st period - Stopped by Mike Smith without a rebound.
16:17 of 1st period - Minor Penalty to Mike Smith for Delaying the game.
16:18 of 1st period - Evgeni Malkin wins face-off versus Patrice Bergeron in Flames zone.
16:37 of 1st period - Shot by Cam Atkinson.
16:37 of 1st period - Deflect By Patrice Bergeron.
16:37 of 1st period - Shot Blocked by Brandon Sutter.
17:39 of 1st period - Justin Faulk is hit by Patrice Bergeron and loses puck.
17:56 of 1st period - Shot by Niklas Kronwall.
17:56 of 1st period - Stopped by Mike Smith without a rebound.
17:57 of 1st period - Mika Zibanejad wins face-off versus Viktor Arvidsson in Flames zone.
18:00 of 1st period - Shot by Bryan Rust.
18:00 of 1st period - Stopped by Mike Smith with a rebound.
18:02 of 1st period - Shot by Mika Zibanejad.
18:02 of 1st period - Deflect By Jake Guentzel.
18:02 of 1st period - Shot Blocked by Alec Martinez.
18:04 of 1st period - Shot by Erik Gustafsson.
18:04 of 1st period - Shot Misses the Net.
18:06 of 1st period - Shot by Bryan Rust.
18:06 of 1st period - Shot Misses the Net.
18:22 of 1st period - Shot by Mika Zibanejad.
18:22 of 1st period - Shot Misses the Net.
18:42 of 1st period - Carl Soderberg is hit by Matthew Peca and loses puck.
19:10 of 1st period - Jared Spurgeon is hit by Niklas Kronwall and loses puck.
19:22 of 1st period - Artem Anisimov is hit by Jay Bouwmeester and loses puck.
19:46 of 1st period - Brandon Sutter is hit by Jay Bouwmeester and loses puck.
19:54 of 1st period - Icing by Niklas Kronwall.
19:55 of 1st period - Carl Soderberg wins face-off versus Evgeni Malkin in Jets zone.
19:55 of 1st period - Carl Soderberg is hit by Viktor Arvidsson.
19:58 of 1st period - Icing by Tomas Tatar.
19:59 of 1st period - Evgeni Malkin wins face-off versus Carl Soderberg in Jets zone.
19:59 of 1st period - Evgeni Malkin is hit by Niklas Kronwall.
Goals for this period are 1 for Jets vs 1 for Flames.
Shots for this period are 11 for Jets vs 7 for Flames.

2nd period


0:01 of 2nd period - Patrice Bergeron wins face-off versus Evgeni Malkin in neutral zone.
0:32 of 2nd period - Shot by Jeff Skinner.
0:32 of 2nd period - Deflect By Patrice Bergeron.
0:32 of 2nd period - Stopped by Mike Smith without a rebound.
0:33 of 2nd period - Mika Zibanejad wins face-off versus Brandon Sutter in Flames zone.
0:48 of 2nd period - Shot by Jake Guentzel.
0:48 of 2nd period - Deflect By Mika Zibanejad.
0:48 of 2nd period - Shot Misses the Net.
1:34 of 2nd period - Shot by Carter Rowney.
1:34 of 2nd period - Stopped by Mike Smith without a rebound.
1:35 of 2nd period - Viktor Arvidsson wins face-off versus Patrice Bergeron in Flames zone.
1:40 of 2nd period - Shot by Evgeni Malkin.
1:40 of 2nd period - Shot Misses the Net.
1:42 of 2nd period - Shot by Justin Faulk.
1:42 of 2nd period - Stopped by Keith Kinkaid without a rebound.
1:43 of 2nd period - Evgeni Malkin wins face-off versus Patrice Bergeron in Jets zone.
1:48 of 2nd period - Shot by Viktor Arvidsson.
1:48 of 2nd period - Shot Misses the Net.
1:50 of 2nd period - Shot by Jared Spurgeon.
1:50 of 2nd period - Shot Blocked by Luca Sbisa.
2:02 of 2nd period - Shot by Justin Faulk.
2:02 of 2nd period - Shot Misses the Net.
2:04 of 2nd period - Shot by Jared Spurgeon.
2:04 of 2nd period - Shot Blocked by Luca Sbisa.
2:17 of 2nd period - Evgeni Malkin is hit by Luca Sbisa and loses puck.
2:20 of 2nd period - Shot by Viktor Arvidsson.
2:20 of 2nd period - Shot Misses the Net.
2:33 of 2nd period - Evgeni Malkin is hit by Erik Gustafsson and loses puck.
2:59 of 2nd period - Shot by Marc Staal.
2:59 of 2nd period - Stopped by Keith Kinkaid without a rebound.
3:00 of 2nd period - Matthew Peca wins face-off versus Derek MacKenzie in Jets zone.
3:26 of 2nd period - Icing by Niklas Kronwall.
3:27 of 2nd period - Brandon Sutter wins face-off versus Derek MacKenzie in Jets zone.
3:38 of 2nd period - Shot by David Kampf.
3:38 of 2nd period - Stopped by Keith Kinkaid without a rebound.
3:39 of 2nd period - Mika Zibanejad wins face-off versus Artem Anisimov in Jets zone.
4:39 of 2nd period - Shot by James van Riemsdyk.
4:39 of 2nd period - Stopped by Keith Kinkaid without a rebound.
4:40 of 2nd period - Brandon Sutter wins face-off versus Patrice Bergeron in Jets zone.
5:11 of 2nd period - Shot by Cam Atkinson.
5:11 of 2nd period - Stopped by Mike Smith with a rebound.
5:47 of 2nd period - Icing by Erik Gustafsson.
5:48 of 2nd period - Carl Soderberg wins face-off versus Nick Ritchie in Jets zone.
6:01 of 2nd period - Shot by Tomas Tatar.
6:01 of 2nd period - Goal by Tomas Tatar - Jets : 2 - Flames : 1.
6:02 of 2nd period - Evgeni Malkin wins face-off versus Bryan Rust in neutral zone.
6:17 of 2nd period - Shot by Viktor Arvidsson.
6:17 of 2nd period - Stopped by Keith Kinkaid without a rebound.
6:18 of 2nd period - Patrice Bergeron wins face-off versus Artem Anisimov in Jets zone.
6:39 of 2nd period - Shot by Gabriel Bourque.
6:39 of 2nd period - Stopped by Keith Kinkaid without a rebound.
6:40 of 2nd period - Jake Guentzel wins face-off versus Evgeni Malkin in Jets zone.
6:40 of 2nd period - Jake Guentzel is hit by Viktor Arvidsson.
7:11 of 2nd period - Mika Zibanejad is hit by Justin Faulk and loses puck.
7:18 of 2nd period - Shot by Bryan Rust.
7:18 of 2nd period - Shot Misses the Net.
7:29 of 2nd period - Minor Penalty to Jay Bouwmeester for Roughing.
7:30 of 2nd period - Derek MacKenzie wins face-off versus Jordan Martinook in Jets zone.
8:59 of 2nd period - Shot by Jason Demers.
8:59 of 2nd period - Stopped by Keith Kinkaid without a rebound.
9:00 of 2nd period - Brandon Sutter wins face-off versus Derek MacKenzie in Jets zone.
9:13 of 2nd period - Shot by Jason Demers.
9:13 of 2nd period - Stopped by Keith Kinkaid without a rebound.
9:14 of 2nd period - Derek MacKenzie wins face-off versus James van Riemsdyk in Jets zone.
9:44 of 2nd period - Gabriel Bourque is hit by Patrice Bergeron and loses puck.
9:57 of 2nd period - Shot by Patrice Bergeron.
9:57 of 2nd period - Stopped by Mike Smith without a rebound.
9:58 of 2nd period - Mika Zibanejad wins face-off versus Matthew Peca in Flames zone.
10:55 of 2nd period - Shot by Derek MacKenzie.
10:55 of 2nd period - Goal by Derek MacKenzie - Jets : 3 - Flames : 1.
10:56 of 2nd period - Evgeni Malkin wins face-off versus Patrice Bergeron in neutral zone.
10:56 of 2nd period - Viktor Arvidsson is hit by Patrice Bergeron.
11:04 of 2nd period - Shot by Viktor Arvidsson.
11:04 of 2nd period - Shot Misses the Net.
11:10 of 2nd period - Shot by Evgeni Malkin.
11:10 of 2nd period - Shot Misses the Net.
11:12 of 2nd period - Shot by Jared Spurgeon.
11:12 of 2nd period - Stopped by Keith Kinkaid without a rebound.
11:13 of 2nd period - Carl Soderberg wins face-off versus David Kampf in Jets zone.
11:30 of 2nd period - Shot by Josh Anderson.
11:30 of 2nd period - Shot Misses the Net.
11:32 of 2nd period - Shot by Jay Bouwmeester.
11:32 of 2nd period - Stopped by Mike Smith with a rebound.
12:12 of 2nd period - Jake Muzzin is hit by Evgeni Malkin and loses puck.
12:17 of 2nd period - Shot by Evgeni Malkin.
12:17 of 2nd period - Stopped by Keith Kinkaid without a rebound.
12:18 of 2nd period - Mika Zibanejad wins face-off versus Artem Anisimov in Jets zone.
12:31 of 2nd period - Shot by Jake Guentzel.
12:31 of 2nd period - Deflect By Mika Zibanejad.
12:31 of 2nd period - Stopped by Mike Smith with a rebound.
12:36 of 2nd period - Gabriel Bourque is hit by Erik Gustafsson.
13:18 of 2nd period - Brendan Guhle is hit by Evgeni Malkin and loses puck.
13:45 of 2nd period - Shot by Jeff Skinner.
13:45 of 2nd period - Stopped by Mike Smith without a rebound.
13:46 of 2nd period - Brandon Sutter wins face-off versus Carl Soderberg in Flames zone.
13:46 of 2nd period - Brandon Sutter is hit by Tomas Tatar.
13:59 of 2nd period - Off-side.
14:00 of 2nd period - Derek MacKenzie wins face-off versus Matthew Peca in neutral zone.
14:02 of 2nd period - Off-side.
14:03 of 2nd period - Brandon Sutter wins face-off versus Derek MacKenzie in neutral zone.
14:12 of 2nd period - Shot by Jordan Martinook.
14:12 of 2nd period - Shot Misses the Net.
14:14 of 2nd period - Shot by David Kampf.
14:14 of 2nd period - Shot Misses the Net.
14:28 of 2nd period - Shot by Brandon Sutter.
14:28 of 2nd period - Shot Misses the Net.
15:11 of 2nd period - Shot by Jeff Skinner.
15:11 of 2nd period - Shot Misses the Net.
15:12 of 2nd period - Minor Penalty to Cam Atkinson for Hooking.
15:13 of 2nd period - Evgeni Malkin wins face-off versus Bryan Rust in Jets zone.
15:34 of 2nd period - Shot by James van Riemsdyk.
15:34 of 2nd period - Stopped by Keith Kinkaid without a rebound.
15:35 of 2nd period - Brandon Sutter wins face-off versus Derek MacKenzie in Jets zone.
16:16 of 2nd period - Shot by Jared Spurgeon.
16:16 of 2nd period - Shot Blocked by Jake Muzzin.
16:18 of 2nd period - Shot by Evgeni Malkin.
16:18 of 2nd period - Shot Misses the Net.
16:20 of 2nd period - Shot by Jared Spurgeon.
16:20 of 2nd period - Goal by Jared Spurgeon - Jets : 3 - Flames : 2.
16:21 of 2nd period - Artem Anisimov wins face-off versus Patrice Bergeron in neutral zone.
16:26 of 2nd period - Icing by Patrice Bergeron.
16:27 of 2nd period - Patrice Bergeron wins face-off versus Artem Anisimov in Jets zone.
16:46 of 2nd period - Minor Penalty to Gabriel Bourque for Roughing.
16:47 of 2nd period - Evgeni Malkin wins face-off versus Mika Zibanejad in Flames zone.
17:00 of 2nd period - Shot by Niklas Kronwall.
17:00 of 2nd period - Shot Misses the Net.
18:28 of 2nd period - Shot by Mika Zibanejad.
18:28 of 2nd period - Shot Blocked by Justin Faulk.
18:36 of 2nd period - Shot by Jake Muzzin.
18:36 of 2nd period - Shot Misses the Net.
18:38 of 2nd period - Shot by Mika Zibanejad.
18:38 of 2nd period - Stopped by Mike Smith without a rebound.
18:39 of 2nd period - Patrice Bergeron wins face-off versus Nick Ritchie in Flames zone.
19:32 of 2nd period - Jay Bouwmeester is hit by Nick Ritchie and loses puck.
Goals for this period are 2 for Jets vs 1 for Flames.
Shots for this period are 10 for Jets vs 12 for Flames.

3rd period


0:01 of 3rd period - Patrice Bergeron wins face-off versus Evgeni Malkin in neutral zone.
0:03 of 3rd period - Off-side.
0:04 of 3rd period - Patrice Bergeron wins face-off versus Evgeni Malkin in neutral zone.
0:08 of 3rd period - Patrice Bergeron is hit by Justin Faulk and loses puck.
0:13 of 3rd period - Shot by Patrice Bergeron.
0:13 of 3rd period - Stopped by Mike Smith without a rebound.
0:14 of 3rd period - Mika Zibanejad wins face-off versus Brandon Sutter in Flames zone.
0:22 of 3rd period - Jared Spurgeon is hit by Bryan Rust.
0:34 of 3rd period - Shot by Mika Zibanejad.
0:34 of 3rd period - Goal by Mika Zibanejad - Jets : 4 - Flames : 2.
0:35 of 3rd period - Evgeni Malkin wins face-off versus Patrice Bergeron in neutral zone.
0:56 of 3rd period - Shot by Cam Atkinson.
0:56 of 3rd period - Shot Blocked by Alec Martinez.
2:09 of 3rd period - Off-side.
2:10 of 3rd period - Artem Anisimov wins face-off versus Carl Soderberg in neutral zone.
2:59 of 3rd period - Gabriel Bourque is hit by Mika Zibanejad and loses puck.
3:30 of 3rd period - Shot by Mika Zibanejad.
3:30 of 3rd period - Stopped by Mike Smith without a rebound.
3:31 of 3rd period - Evgeni Malkin wins face-off versus Tomas Tatar in Flames zone.
3:33 of 3rd period - Icing by Jared Spurgeon.
3:34 of 3rd period - James van Riemsdyk wins face-off versus Patrice Bergeron in Flames zone.
3:51 of 3rd period - Off-side.
3:52 of 3rd period - Brandon Sutter wins face-off versus Carl Soderberg in neutral zone.
3:55 of 3rd period - Jake Muzzin is hit by Jordan Martinook and loses puck.
4:10 of 3rd period - Shot by Carl Soderberg.
4:10 of 3rd period - Shot Blocked by Jason Demers.
4:56 of 3rd period - Shot by Evgeni Malkin.
4:56 of 3rd period - Stopped by Keith Kinkaid with a rebound.
4:58 of 3rd period - Shot by James van Riemsdyk.
4:58 of 3rd period - Shot Misses the Net.
5:00 of 3rd period - Shot by Viktor Arvidsson.
5:00 of 3rd period - Shot Misses the Net.
5:36 of 3rd period - Shot by Daniel Carr.
5:36 of 3rd period - Stopped by Keith Kinkaid without a rebound.
5:37 of 3rd period - Patrice Bergeron wins face-off versus Artem Anisimov in Jets zone.
5:49 of 3rd period - Icing by Marc Staal.
5:50 of 3rd period - Artem Anisimov wins face-off versus Mika Zibanejad in Flames zone.
5:57 of 3rd period - Icing by Artem Anisimov.
5:58 of 3rd period - Patrice Bergeron wins face-off versus Artem Anisimov in Flames zone.
6:03 of 3rd period - Shot by Cam Atkinson.
6:03 of 3rd period - Stopped by Mike Smith without a rebound.
6:04 of 3rd period - Evgeni Malkin wins face-off versus Patrice Bergeron in Flames zone.
6:15 of 3rd period - Shot by Viktor Arvidsson.
6:15 of 3rd period - Stopped by Keith Kinkaid without a rebound.
6:16 of 3rd period - Brandon Sutter wins face-off versus Mika Zibanejad in Jets zone.
6:49 of 3rd period - Shot by Jordan Martinook.
6:49 of 3rd period - Shot Misses the Net.
6:51 of 3rd period - Shot by Jordan Martinook.
6:51 of 3rd period - Stopped by Keith Kinkaid with a rebound.
6:53 of 3rd period - Shot by Jordan Martinook.
6:53 of 3rd period - Shot Blocked by Jay Bouwmeester.
6:55 of 3rd period - Shot by David Kampf.
6:55 of 3rd period - Shot Blocked by Jay Bouwmeester.
7:14 of 3rd period - Minor Penalty to James van Riemsdyk for Goalie Interference.
7:15 of 3rd period - Patrice Bergeron wins face-off versus Evgeni Malkin in Flames zone.
7:20 of 3rd period - Shot by Brendan Guhle.
7:20 of 3rd period - Stopped by Mike Smith with a rebound.
7:22 of 3rd period - Shot by Cam Atkinson.
7:22 of 3rd period - Shot Misses the Net.
7:24 of 3rd period - Shot by Jeff Skinner.
7:24 of 3rd period - Shot Misses the Net.
7:26 of 3rd period - Shot by Jeff Skinner.
7:26 of 3rd period - Stopped by Mike Smith with a rebound.
7:28 of 3rd period - Shot by Cam Atkinson.
7:28 of 3rd period - Shot Misses the Net.
7:30 of 3rd period - Shot by Cam Atkinson.
7:30 of 3rd period - Stopped by Mike Smith without a rebound.
7:31 of 3rd period - Evgeni Malkin wins face-off versus Patrice Bergeron in Flames zone.
8:38 of 3rd period - Shot by Viktor Arvidsson.
8:38 of 3rd period - Shot Misses the Net.
9:00 of 3rd period - Shot by Mika Zibanejad.
9:00 of 3rd period - Stopped by Mike Smith without a rebound.
9:01 of 3rd period - Mika Zibanejad wins face-off versus Evgeni Malkin in Flames zone.
9:27 of 3rd period - Shot by Nick Ritchie.
9:27 of 3rd period - Stopped by Keith Kinkaid without a rebound.
9:28 of 3rd period - Carl Soderberg wins face-off versus Artem Anisimov in Jets zone.
10:26 of 3rd period - Shot by Viktor Arvidsson.
10:26 of 3rd period - Shot Blocked by Niklas Kronwall.
10:31 of 3rd period - Off-side.
10:32 of 3rd period - Mika Zibanejad wins face-off versus David Kampf in neutral zone.
10:35 of 3rd period - Shot by Jake Guentzel.
10:35 of 3rd period - Shot Misses the Net.
11:24 of 3rd period - Shot by Evgeni Malkin.
11:24 of 3rd period - Shot Misses the Net.
12:00 of 3rd period - Shot by James van Riemsdyk.
12:00 of 3rd period - Stopped by Keith Kinkaid without a rebound.
12:01 of 3rd period - Artem Anisimov wins face-off versus Jeff Skinner in Jets zone.
12:15 of 3rd period - Shot by Conor Sheary.
12:15 of 3rd period - Stopped by Keith Kinkaid with a rebound.
12:17 of 3rd period - Shot by Jason Garrison.
12:17 of 3rd period - Shot Blocked by Jay Bouwmeester.
12:19 of 3rd period - Shot by Jason Garrison.
12:19 of 3rd period - Stopped by Keith Kinkaid with a rebound.
13:00 of 3rd period - Alec Martinez is hit by Carter Rowney.
13:20 of 3rd period - Shot by Derek MacKenzie.
13:20 of 3rd period - Shot Misses the Net.
13:30 of 3rd period - Shot by Tomas Tatar.
13:30 of 3rd period - Shot Misses the Net.
14:33 of 3rd period - Shot by Evgeni Malkin.
14:33 of 3rd period - Stopped by Keith Kinkaid without a rebound.
14:34 of 3rd period - Derek MacKenzie wins face-off versus Brandon Sutter in Jets zone.
14:34 of 3rd period - Derek MacKenzie is hit by Jordan Martinook.
14:52 of 3rd period - Shot by Brandon Sutter.
14:52 of 3rd period - Shot Blocked by Luca Sbisa.
14:54 of 3rd period - Shot by David Kampf.
14:54 of 3rd period - Stopped by Keith Kinkaid without a rebound.
14:55 of 3rd period - Artem Anisimov wins face-off versus Carl Soderberg in Jets zone.
14:55 of 3rd period - Artem Anisimov is hit by Jake Muzzin.
15:11 of 3rd period - Shot by Gabriel Bourque.
15:11 of 3rd period - Shot Misses the Net.
15:17 of 3rd period - Shot by Conor Sheary.
15:17 of 3rd period - Stopped by Keith Kinkaid with a rebound.
15:19 of 3rd period - Shot by Conor Sheary.
15:19 of 3rd period - Stopped by Keith Kinkaid without a rebound.
15:20 of 3rd period - Evgeni Malkin wins face-off versus Mika Zibanejad in Jets zone.
15:52 of 3rd period - Shot by Mika Zibanejad.
15:52 of 3rd period - Shot Misses the Net.
16:25 of 3rd period - Shot by Cam Atkinson.
16:25 of 3rd period - Deflect By Patrice Bergeron.
16:25 of 3rd period - Shot Misses the Net.
16:27 of 3rd period - Shot by Patrice Bergeron.
16:27 of 3rd period - Stopped by Mike Smith without a rebound.
16:28 of 3rd period - Carter Rowney wins face-off versus Artem Anisimov in Flames zone.
16:32 of 3rd period - Tomas Tatar is hit by Alec Martinez and loses puck.
17:06 of 3rd period - Shot by Artem Anisimov.
17:06 of 3rd period - Shot Blocked by Brendan Guhle.
17:24 of 3rd period - Shot by Jordan Martinook.
17:24 of 3rd period - Deflect By Brandon Sutter.
17:24 of 3rd period - Stopped by Keith Kinkaid without a rebound.
17:25 of 3rd period - Patrice Bergeron wins face-off versus Evgeni Malkin in Jets zone.
17:39 of 3rd period - Viktor Arvidsson is hit by Jay Bouwmeester and loses puck.
17:42 of 3rd period - Shot by James van Riemsdyk.
17:42 of 3rd period - Stopped by Keith Kinkaid without a rebound.
17:43 of 3rd period - Mika Zibanejad wins face-off versus Brandon Sutter in Jets zone.
17:43 of 3rd period - Mika Zibanejad is hit by Jordan Martinook.
17:59 of 3rd period - Shot by Mika Zibanejad.
17:59 of 3rd period - Shot Misses the Net.
18:15 of 3rd period - Shot by Jordan Martinook.
18:15 of 3rd period - Shot Misses the Net.
18:17 of 3rd period - Shot by Brandon Sutter.
18:17 of 3rd period - Shot Misses the Net.
18:19 of 3rd period - Shot by Jared Spurgeon.
18:19 of 3rd period - Stopped by Keith Kinkaid without a rebound.
18:20 of 3rd period - Patrice Bergeron wins face-off versus Evgeni Malkin in Jets zone.
18:34 of 3rd period - James van Riemsdyk is hit by Jay Bouwmeester and loses puck.
18:47 of 3rd period - Evgeni Malkin is hit by Niklas Kronwall.
19:02 of 3rd period - Shot by Evgeni Malkin.
19:02 of 3rd period - Shot Misses the Net.
19:16 of 3rd period - Shot by Artem Anisimov.
19:16 of 3rd period - Shot Misses the Net.
19:18 of 3rd period - Shot by Gabriel Bourque.
19:18 of 3rd period - Stopped by Keith Kinkaid with a rebound.
19:20 of 3rd period - Shot by Artem Anisimov.
19:20 of 3rd period - Stopped by Keith Kinkaid without a rebound.
19:21 of 3rd period - Brandon Sutter wins face-off versus Mika Zibanejad in Jets zone.
19:35 of 3rd period - Icing by David Kampf.
19:36 of 3rd period - Brandon Sutter wins face-off versus Carl Soderberg in Flames zone.
Goals for this period are 1 for Jets vs 0 for Flames.
Shots for this period are 9 for Jets vs 17 for Flames.